[Event "*** SCC Grand Prix: Titled Tuesday Blitz"]
[Site "Chess.com"]
[Date "2020.09.29"]
[Round "4"]
[White "ehrenfeld"]
[Black "Kumi29"]
[Result "0-1"]
[WhiteElo "2526"]
[BlackElo "2392"]
[TimeControl "180+1"]
[EndTime "10:39:00 PDT"]
[Termination "Kumi29 won on time"]

1. e4 c5 2. d3 Nc6 3. f4 d5 4. Be2 dxe4 5. dxe4 Qxd1+ 6. Bxd1 e5 7. Nc3 exf4 8. Nb5 Kd8 9. Bxf4 a6 10. Nd6 Bxd6 11.
Bxd6 Nf6 12. Bf3 Nxe4 13. Bxe4 Re8 14. O-O-O Rxe4 15. Nf3 Bg4 16. Bxc5+ Kc7 17. Bd6+ Kb6 18. Rd3 Rae8 19. Rhd1 f6 20. h3 Bh5 21. R1d2 R8e6 22.
Rb3+ Ka7 23. Bc5+ Kb8 24. Bb6 Re1+ 25. Rd1 Rxd1+ 26. Kxd1 Ne5 27. Kc1 Bxf3 28. gxf3 Nc4 29. Bf2 Re2 30. Bg3+ Ka7 31. Rc3 b5 32. b3 Ne3 33. Rc7+ Kb6 34. Rc8 Rg2 35. Bd6 Nf5 36. Bf4 g5 37. Bb8 Kb7 38. Rf8 Ne3 39. c3 Rc2+ 40. Kb1 Rxc3 0-1

[Event "*** SCC Grand Prix: Titled Tuesday Blitz"]
[Site "Chess.com"]
[Date "2020.09.29"]
[Round "4"]
[White "DarZay"]
[Black "Sergienko_Sergey"]
[Result "1-0"]
[WhiteElo "2107"]
[BlackElo "2359"]
[TimeControl "180+1"]
[EndTime "10:39:00 PDT"]
[Termination "DarZay won on time"]

1. e4 c5 2. Nf3 a6 3. d4 cxd4 4.
Nxd4 Nf6 5. Nc3 e5 6. Nb3 Bb4 7. Bg5 d6 8. f3 Nbd7 9. Bc4 Qc7 10. Qd3 b5 11. Bd5 Nxd5 12. exd5 Bxc3+ 13. bxc3 O-O 14. O-O Bb7 15. Rae1 Rac8 16. Bd2 Nf6 17. f4 e4 18. Qg3 Bxd5 19. Nd4 Qd7 20. f5 Kh8 21. Bg5 Rfe8 22.
Bxf6 gxf6 23. Qh4 Qe7 24. Re3 Rg8 25. Rh3 Rg7 26. Ne2 Qe5 27. Nf4 Rcg8 28. g3 e3 29. Nxd5 Qxd5 30. Qxf6 Re8 31. Re1 e2 32. Rh4 Qd1 33.
Kf2 Qxc2 34. Rg4 Rg8 35. Rh4 Qd3 36. Rxh7+ 1-0

[Event "*** SCC Grand Prix: Titled Tuesday Blitz"]
[Site "Chess.com"]
[Date "2020.09.29"]
[Round "4"]
[White "Hikaru"]
[Black "sergiochess83"]
[Result "1-0"]
[WhiteElo "3247"]
[BlackElo "2807"]
[TimeControl "180+1"]
[EndTime "10:39:01 PDT"]
[Termination "Hikaru won on time"]

1. Nf3 d5 2. e3 Nf6 3. c4 c6 4. d4 Bg4 5. h3 Bh5 6. Nc3 e6 7. g4 Bg6 8. Ne5 Nbd7 9. h4 dxc4 10. Nxc4 h5 11. g5 Nd5 12. Bg2 Bb4 13. Bd2 O-O 14.
e4 N5b6 15. Qb3 a5 16. a3 Nxc4 17. Qxc4 Be7 18. Ne2 c5 19. Nf4 cxd4 20. Nxg6 fxg6 21.
Qxe6+ Kh7 22. O-O Nc5 23. Qc4 Rc8 24. Rad1 Nxe4 25. Qd3 Nxd2 26. Qxd2 Qc7 27. Rfe1 Bc5 28. b4 axb4 29. axb4 Ba7 30. Qd3 Qf4 31. Re2 Qxh4 32.
Be4 Rc3 33. Bxg6+ Kh8 34. Qf5 Rcc8 35. Qe4 Qxg5+ 36. Qg2 Qxg2+ 37. Kxg2 Rc6 38. Bxh5 Rcf6 39. f3 g6 40. Bg4 R8f7 41. Re8+ Kg7 42. Be6 Rc7 43.
Rh1 1-0

[Event "*** SCC Grand Prix: Titled Tuesday Blitz"]
[Site "Chess.com"]
[Date "2020.09.29"]
[Round "4"]
[White "Superfelix"]
[Black "GmSergioBarrientos"]
[Result "0-1"]
[WhiteElo "2482"]
[BlackElo "2692"]
[TimeControl "180+1"]
[EndTime "10:39:01 PDT"]
[Termination "GmSergioBarrientos won by resignation"]

1. e4 c5 2. Nf3 d6 3. d4 Nf6 4.
Nc3 cxd4 5. Nxd4 a6 6. g3 Bg4 7.
f3 Bd7 8. Bg2 Nc6 9. Nde2 g6 10.
O-O Bg7 11. Be3 O-O 12. Qd2 Rc8 13. Rad1 Ne5 14. b3 b5 15. h3 b4 16. Nd5 Nxd5 17.
exd5 Bb5 18. Rf2 Bxe2 19. Qxe2 Qa5 20. f4 Nd7 21. Bd4 Bxd4 22. Rxd4 Rfe8 23. Qd2 Qxa2 24. Rxb4 Qa5 25. Ra4 Qb6 26. Qd4 Nc5 27. Ra1 a5 28. Kh2 Ra8 29. f5 Qb4 30. Qe3 a4 31. bxa4 Rxa4 32.
Rxa4 Qxa4 33. fxg6 hxg6 34. h4 Qa1 35. Qf4 Rf8 36.
Re2 Qf6 37. Qxf6 exf6 38. Re7 Rc8 39. Bh3 f5 40. h5 Kf8 41. Ra7 Ne4 42. Ra2 Kg7 43.
hxg6 fxg6 44. Bg2 Nf6 45. Ra7+ Kh6 46. Ra6 Rxc2 47. Rxd6 Ng4+ 48. Kg1 Rc1+ 49. Bf1 Ne3 50. Kf2 Nxf1 51. Rd8 Nd2 52. d6 Ne4+ 53. Ke3 Rd1 54. d7 Kg7 55. g4 Nf6 56. gxf5 gxf5 57. Kf4 Kg6 58. Ke5 Rxd7 59. Kf4 Rxd8 0-1

[Event "*** SCC Grand Prix: Titled Tuesday Blitz"]
[Site "Chess.com"]
[Date "2020.09.29"]
[Round "4"]
[White "Egorov_Pavel"]
[Black "Moultino06"]
[Result "1-0"]
[WhiteElo "2453"]
[BlackElo "2656"]
[TimeControl "180+1"]
[EndTime "10:39:01 PDT"]
[Termination "Egorov_Pavel won by checkmate"]

1. d4 Na6 2. e4 g6 3. h4 h5 4. Nc3 d6 5. Bd3 Nb4 6. Bg5 Nxd3+ 7. Qxd3 Nh6 8. O-O-O Ng4 9. Nh3 f6 10. Bd2 c6 11. f3 Nh6 12. Nf4 Rg8 13. d5 Nf7 14. Nce2 Qb6 15. Be3 Qa5 16. Qb3 c5 17. Ne6 Nd8 18.
Bd2 c4 19. Qxc4 b5 20. Bxa5 bxc4 21. Nc7+ Kd7 22. Nxa8 Nb7 23. Bc3 Nc5 24. b4 cxb3 25. axb3 Bb7 26. b4 Na4 27. Bd4 Bh6+ 28. f4 Ba6 29.
Rde1 Rxa8 30. g3 Rc8 31. Bxa7 Bxe2 32. Rxe2 Nc3 33. Re3 Nb5 34. Bb6 f5 35. exf5 gxf5 36.
Rhe1 Re8 37. c4 Rc8 38. Rxe7# 1-0

[Event "*** SCC Grand Prix: Titled Tuesday Blitz"]
[Site "Chess.com"]
[Date "2020.09.29"]
[Round "4"]
[White "sergeikim"]
[Black "picturesquecheck"]
[Result "1-0"]
[WhiteElo "2416"]
[BlackElo "2189"]
[TimeControl "180+1"]
[EndTime "10:39:03 PDT"]
[Termination "sergeikim won by resignation"]

1. d4 Nf6 2. c4 e6 3. Nc3 d5 4. Nf3 dxc4 5. e3 b5 6. Nxb5 Bb4+ 7. Nc3 c5 8. Bxc4 O-O 9. O-O Nc6 10. a3 Ba5 11. Qd3 Bb7 12. Rd1 cxd4 13. exd4 Ne7 14. Ne5 Bb6 15. Bg5 Ng6 16. Ng4 Rc8 17. Nxf6+ gxf6 18.
Bh6 Re8 19. Bb5 Re7 20. Ne4 Rec7 21. b4 f5 22. Nc5 Ba8 23. Qg3 Kh8 24. Bg5 Qd5 25.
Bf6+ Kg8 26. Be2 f4 27. Qh3 Qf5 28. Qxf5 exf5 29. d5 Bxc5 30. bxc5 Rxc5 31. d6 Bc6 32. d7 Bxd7 33. Rxd7 Rc1+ 34. Rd1 Rxa1 35. Rxa1 Rc2 36. Bd3 Rc6 37. Bb2 Rb6 38. Rb1 Ne5 39. Bxe5 1-0

[Event "*** SCC Grand Prix: Titled Tuesday Blitz"]
[Site "Chess.com"]
[Date "2020.09.29"]
[Round "4"]
[White "katchesskat"]
[Black "csati17"]
[Result "0-1"]
[WhiteElo "2270"]
[BlackElo "2583"]
[TimeControl "180+1"]
[EndTime "10:39:04 PDT"]
[Termination "csati17 won by checkmate"]

1. c4 e6 2. Nf3 d5 3. e3 Nf6 4. a3 Be7 5. Qc2 O-O 6. h4 c5 7. b3 d4 8. d3 Nc6 9. e4 e5 10. Bg5 h6 11. Bxf6 Bxf6 12. Nbd2 a5 13. Be2 a4 14. Rb1 axb3 15. Rxb3 b6 16. Qb2 Ra6 17.
g3 Na5 18. Rb5 Bd7 19. Rg1 h5 20. g4 Bxg4 21. Ng5 Bxg5 22. Bxg4 Bxd2+ 23. Qxd2 hxg4 24. Rxg4 Qf6 25. Ke2 Nc6 26. Qb2 Ne7 27. h5 Kh7 28.
Qc1 Rfa8 29. Rb3 Qh6 30. Qg1 Rxa3 31. Rxb6 Ra2+ 32. Kf3 Qxb6 33. Rxg7+ Kh8 34. Rxf7 Qh6 35. Qg4 Rg8 36. Qh4 Rg7 37. Rf8+ Ng8 38. Rf5 Qd2 39.
h6 Qe2# 0-1

[Event "*** SCC Grand Prix: Titled Tuesday Blitz"]
[Site "Chess.com"]
[Date "2020.09.29"]
[Round "4"]
[White "Gerodot71"]
[Black "szefru"]
[Result "1-0"]
[WhiteElo "2473"]
[BlackElo "2157"]
[TimeControl "180+1"]
[EndTime "10:39:04 PDT"]
[Termination "Gerodot71 won by resignation"]

1. d4 Nf6 2. c4 g6 3. Nc3 Bg7 4. e4 d6 5. Be2 O-O 6. Be3 e5 7.
d5 Ne8 8. g4 f5 9. gxf5 gxf5 10.
exf5 Bxf5 11. Bd3 e4 12. Bc2 Nd7 13. Qe2 Ne5 14. Bxe4 Bxe4 15. Nxe4 Qh4 16. Qc2 Nf6 17. Nxf6+ Rxf6 18. O-O-O Qxc4 19. Ne2 Qxc2+ 20. Kxc2 Re8 21. Bd4 Rf7 22. Ng3 Ng4 23. Rhf1 Bxd4 24. Rxd4 Nxf2 25. a3 h6 26. Rh4 Kh7 27. Kd2 Re5 28. Rd4 Kg7 29. Kc2 Nh3 30. Rxf7+ Kxf7 31. Rh4 Nf4 32. Rxf4+ Kg6 33. Rd4 h5 34. Rd2 h4 35. Ne2 Kg5 36. Nc3 Kg4 37. Kd3 Kh3 38. Rf2 Rg5 39. Ne2 Rg2 40. Nf4+ Kxh2 41. Rxg2+ Kh1 42. Ke2 1-0

[Event "*** SCC Grand Prix: Titled Tuesday Blitz"]
[Site "Chess.com"]
[Date "2020.09.29"]
[Round "4"]
[White "PavelChernomordik"]
[Black "Sergey85Rodchenkov"]
[Result "0-1"]
[WhiteElo "2305"]
[BlackElo "2453"]
[TimeControl "180+1"]
[EndTime "10:39:04 PDT"]
[Termination "Sergey85Rodchenkov won by checkmate"]

1. e4 c5 2. Nc3 e6 3. f4 d5 4. Nf3 Nc6 5. Bb5 Ne7 6. exd5 exd5 7. Qe2 Bg4 8. Bxc6+ bxc6 9. O-O Qd6 10. h3 Bxf3 11.
Rxf3 O-O-O 12. Qa6+ Kb8 13. Na4 c4 14. b3 Qb4 15. bxc4 dxc4 16. Nc3 Qb6+ 17. Qxb6+ axb6 18. Rb1 Kc7 19. a4 Nf5 20. Ne4 Ra8 21. Ng5 Rxa4 22. Nxf7 Bc5+ 23. Kh2 Re8 24. Bb2 Re2 25. Bc3 b5 26.
Be5+ Kb6 27. Ng5 h6 28. Ne6 Bd6 29. Nxg7 Nxg7 30. Bxd6 Rxd2 31. Be5 Nf5 32. Kh1 Ra2 33. g4 Nh4 34. Re3 Raxc2 35. f5 Rf2 36. Bg3 Rfd2 37. Bxh4 Rh2+ 38. Kg1 Rcg2+ 39. Kf1 Rd2 40. f6 Rh1# 0-1

[Event "*** SCC Grand Prix: Titled Tuesday Blitz"]
[Site "Chess.com"]
[Date "2020.09.29"]
[Round "4"]
[White "djano"]
[Black "frederiksvane"]
[Result "1-0"]
[WhiteElo "2461"]
[BlackElo "2671"]
[TimeControl "180+1"]
[EndTime "10:39:05 PDT"]
[Termination "djano won by resignation"]

1. Nf3 Nf6 2. d4 e6 3. Bf4 Be7 4. Nbd2 O-O 5. h3 c5 6. e3 Nc6 7. c3 b6 8. Bd3 Bb7 9. O-O Rc8 10. Bh2 d5 11. a4 Bd6 12. Ne5 Nd7 13. Ndf3 f6 14.
Nxc6 Bxh2+ 15. Nxh2 Bxc6 16. Qh5 f5 17. f4 Rf6 18.
Qe2 Kh8 19. Nf3 Qe7 20. Kh2 Rg8 21. Rg1 h6 22. g4 g5 23. gxf5 exf5 24. fxg5 hxg5 25.
Rxg5 Rxg5 26. Nxg5 Rh6 27. Rg1 Nf6 28. Bxf5 Rh5 29.
Qg2 Bd7 30. Bxd7 Qxd7 31. Qg3 Kg7 32. Ne4+ Kf8 33. Nxf6 Rxh3+ 34. Qxh3 Qd6+ 35. Qg3 Qxf6 36. Qf4 Ke7 37. Qxf6+ Kxf6 38. dxc5 bxc5 39. Kg2 Ke5 40. Kf3 1-0

[Event "*** SCC Grand Prix: Titled Tuesday Blitz"]
[Site "Chess.com"]
[Date "2020.09.29"]
[Round "4"]
[White "malakismayil"]
[Black "tlomigtlis"]
[Result "0-1"]
[WhiteElo "2324"]
[BlackElo "2527"]
[TimeControl "180+1"]
[EndTime "10:39:05 PDT"]
[Termination "tlomigtlis won by checkmate"]

1. e4 c5 2. Nf3 d6 3. d4 cxd4 4. Nxd4 Nf6 5. Nc3 a6 6. Bc4 e6 7. a3 Nbd7 8. O-O Nc5 9. Qe2 Be7 10. h3 O-O 11. Bg5 Qc7 12. Rad1 b5 13. Ba2 Bb7 14.
f3 h6 15. Be3 Rac8 16. Rfe1 Rfd8 17. Qf2 d5 18. exd5 Nxd5 19. Nxd5 Bxd5 20. Bxd5 Rxd5 21. c3 Rcd8 22. f4 Bf6 23. Kh1 e5 24. fxe5 Bxe5 25. Qf3 Qd7 26. Rf1 Ne6 27. Qf2 Nxd4 28. cxd4 Bf6 29.
Qf3 Qd6 30. Bxh6 Rxd4 31. Rxd4 Qxd4 32. Bc1 Qd3 33. Qf2 Re8 34. Re1 Rc8 35. Bf4 Qc2 36. Re2 Qb1+ 37. Kh2 g6 38. Bg3 Kg7 39. Bf4 Rc6 40.
Rd2 Qf5 41. Bg3 Qe4 42. Qe2 Qb1 43. Qf2 Rc1 44. Bf4 Rh1+ 45. Kg3 Qf5 46. Qe3 Qh5 47. Qf3 Bh4# 0-1

[Event "*** SCC Grand Prix: Titled Tuesday Blitz"]
[Site "Chess.com"]
[Date "2020.09.29"]
[Round "4"]
[White "Piotrek1979"]
[Black "ChronicUnhappiness"]
[Result "1-0"]
[WhiteElo "2456"]
[BlackElo "2306"]
[TimeControl "180+1"]
[EndTime "10:39:05 PDT"]
[Termination "Piotrek1979 won by resignation"]

1. Nf3 c5 2. c4 Nf6 3. g3 Nc6 4.
Bg2 g6 5. O-O Bg7 6. d4 cxd4 7.
Nxd4 O-O 8. Nc3 Nxd4 9. Qxd4 d6 10.
Qd2 Be6 11. b3 d5 12. cxd5 Nxd5 13. Bxd5 Bxd5 14. Bb2 Bc6 15. Rfd1 Qc8 16. Nd5 Qe6 17. Bxg7 Kxg7 18. Qb2+ f6 19. Nf4 Qe4 20. f3 Qe3+ 21.
Kg2 Rad8 22. Qc1 Qxc1 23. Raxc1 Kf7 24. Kf2 e5 25. Nd3 Ke7 26. Nb4 Rxd1 27. Nxc6+ bxc6 28. Rxd1 Rb8 29. Ke3 a5 30. Rc1 Kd6 31. Rc4 Rb5 32. h4 Rb4 33. Kd3 Kd5 34. e4+ Kd6 35. Rxb4 axb4 36. Kc4 c5 37. Kb5 h5 38. f4 exf4 39.
gxf4 g5 40. e5+ fxe5 41. fxg5 e4 42. Kc4 e3 43. Kd3 Ke5 44. Kxe3 c4 45. bxc4 Kf5 46. c5 Kg4 1-0

[Event "*** SCC Grand Prix: Titled Tuesday Blitz"]
[Site "Chess.com"]
[Date "2020.09.29"]
[Round "4"]
[White "DanielTitichoca"]
[Black "gixfantastix"]
[Result "1-0"]
[WhiteElo "2375"]
[BlackElo "2084"]
[TimeControl "180+1"]
[EndTime "10:39:09 PDT"]
[Termination "DanielTitichoca won on time"]

1. e4 g6 2. h4 Bg7 3. h5 d5 4. exd5 Qxd5 5. Nc3 Qa5 6. Bc4 Nc6 7. a3 Ne5 8. Ba2 Bg4 9. f3 Bd7 10. d3 O-O-O 11. Be3 e6 12. Ne2 Ne7 13. b4 Qa6 14. a4 Nf5 15. Bf2 Qd6 16. Bc5 Nxf3+ 17. gxf3 Bxc3+ 18.
Kf2 Qe5 19. Nxc3 Qxc3 20. Bb3 b6 21. Be3 Nxe3 22. Kxe3 Bc6 23. Qe1 Qe5+ 24. Kf2 Qf5 25. Qe3 g5 26. Rhg1 g4 27. Rxg4 Qxh5 28. a5 Rhg8 29. Rag1 Rxg4 30. Rxg4 Qh2+ 31. Rg2 Qh4+ 32. Kg1 Qxb4 33. axb6 axb6 34. Rg7 Kb7 35. Rg4 Qa3 36. Qe5 Qc1+ 37. Kf2 Qd1 38. Qf4 h5 39. Rg7 1-0

[Event "*** SCC Grand Prix: Titled Tuesday Blitz"]
[Site "Chess.com"]
[Date "2020.09.29"]
[Round "4"]
[White "AlexOstrovskiy"]
[Black "Salem-AR"]
[Result "0-1"]
[WhiteElo "2732"]
[BlackElo "2929"]
[TimeControl "180+1"]
[EndTime "10:39:10 PDT"]
[Termination "Salem-AR won on time"]

1. d4 Nf6 2. Bf4 g6 3. Nc3 d5 4. e3 Bg7 5. h4 c5 6. Nb5 Na6 7. c3 O-O 8. Nf3 Bf5 9. a4 Qa5 10. Ne5 h5 11. dxc5 Rfc8 12. b4 Qd8 13. Nd4 Nc7 14. Be2 Ne6 15. Nxf5 gxf5 16. Bxh5 Nxh5 17.
Qxh5 Qe8 18. Qxf5 b6 19. h5 bxc5 20. h6 Bf6 21. b5 d4 22. exd4 cxd4 23. c4 Rc5 24.
h7+ Kh8 25. Ng6+ fxg6 26. Qxe6 Qc8 27. Qe4 d3 28. Rd1 Rxc4 29. Qf3 Qe6+ 30. Be3 Rf8 31.
O-O Rd8 32. Bxa7 d2 33. b6 Rh4 34. g3 Rxh7 35. b7 Be5 36. Qe2 Qd5 37. f3 Bd4+ 0-1

[Event "*** SCC Grand Prix: Titled Tuesday Blitz"]
[Site "Chess.com"]
[Date "2020.09.29"]
[Round "4"]
[White "lucasmito"]
[Black "Jadeit90"]
[Result "0-1"]
[WhiteElo "2455"]
[BlackElo "2329"]
[TimeControl "180+1"]
[EndTime "10:39:10 PDT"]
[Termination "Jadeit90 won on time"]

1. e4 g6 2. d4 Bg7 3. Nc3 c5 4. dxc5 Qa5 5. Nf3 Qxc5 6. Nd5 Nf6 7. Be3 Qa5+ 8. Bd2 Qd8 9. Bc3 O-O 10. Nxf6+ exf6 11.
Bd3 d5 12. O-O Nc6 13. exd5 Qxd5 14. h3 Bf5 15. Bxf5 Qxf5 16. Re1 Rad8 17. Qe2 Qd5 18. b3 f5 19. Bxg7 Kxg7 20. c4 Qd3 21. Qb2+ Kg8 22. Rad1 Qxd1 23. Rxd1 Rxd1+ 24. Kh2 Rd6 25. c5 Re6 26. b4 Rfe8 27. b5 Ne5 28. Nd4 R6e7 29.
Qc3 Rc8 30. a4 Rec7 31. Nxf5 Rxc5 32. Ne7+ Kf8 33. Qe3 Kxe7 34. f4 f6 35. fxe5 Rxe5 36. Qxa7 Rc7 37. Qb8 Rd7 38. Qh8 Ke6 39. Qg8+ Kf5 40.
Qc4 Red5 41. a5 h5 42. a6 bxa6 43. bxa6 Ra5 44. Qc8 Ke6 45. Qc6+ Ke7 46. Qb6 Ra2 47. Qc5+ Ke8 48. Qb5 Ke7 49. h4 Rdd2 50. Qc5+ Ke6 51. Qc6+ Kf5 52. a7 Rxa7 53. Qf3+ Ke6 54. Qe3+ Kf7 55.
Qxd2 Re7 0-1

[Event "*** SCC Grand Prix: Titled Tuesday Blitz"]
[Site "Chess.com"]
[Date "2020.09.29"]
[Round "4"]
[White "Forantes"]
[Black "parnali1611"]
[Result "1-0"]
[WhiteElo "2377"]
[BlackElo "2107"]
[TimeControl "180+1"]
[EndTime "10:39:10 PDT"]
[Termination "Forantes won on time"]

1. Nf3 d5 2. g3 Nf6 3. Bg2 c5 4. O-O Nc6 5. d4 cxd4 6. Nxd4 e5 7. Nxc6 bxc6 8. c4 Be6 9. Nc3 Be7 10. cxd5 cxd5 11. Bg5 e4 12. Rc1 O-O 13. Nb5 Rb8 14. Nxa7 Rxb2 15. Nc6 Qd7 16. Nxe7+ Qxe7 17. a4 h6 18. Be3 Ra8 19. Bd4 Ra2 20. Ra1 R8xa4 21. Qxa4 Rxa4 22. Rxa4 Kh7 23. Rc1 Nd7 24. Ra7 Qb4 25.
e3 h5 26. h4 Qd2 27. Raa1 Bg4 28. Rc6 Qd3 29. Rd6 Qc2 30. Rxd5 Be6 31. Rxh5+ Kg6 32.
Rg5+ Kh7 33. Rxg7+ Kh6 34. Ra8 Qd1+ 35. Kh2 Qxd4 36.
exd4 Kxg7 37. Ra5 Nf6 38. Bh3 Bd5 39. Bf5 Kf8 40. g4 Kg7 41. g5 1-0

[Event "*** SCC Grand Prix: Titled Tuesday Blitz"]
[Site "Chess.com"]
[Date "2020.09.29"]
[Round "4"]
[White "banane_verte"]
[Black "ChrisTool2"]
[Result "0-1"]
[WhiteElo "2475"]
[BlackElo "2334"]
[TimeControl "180+1"]
[EndTime "10:39:11 PDT"]
[Termination "ChrisTool2 won by resignation"]

1. e4 c5 2. Nc3 d6 3. d4 cxd4 4. Qxd4 Nf6 5. Bg5 Nc6 6. Bb5 Bd7 7. Bxc6 bxc6 8. Nf3 Qb6 9. Qd3 h6 10. O-O hxg5 11.
Nxg5 Qc5 12. Nf3 e5 13. Rad1 Be7 14. Nd2 Nh5 15. g3 Bh3 16. Rfe1 Nf6 17. Nc4 Rd8 18. Rd2 Be6 19. Ne3 Ng4 20. Nxg4 Bxg4 21. Qa6 Bg5 22. Rd3 Rxh2 23. Kxh2 Qxf2+ 24. Kh1 Qxe1+ 25. Kg2 Be3 26. Rxe3 Qxe3 27. Qxc6+ Kf8 28. Qc7 Bf3+ 29. Kf1 Qb6 30.
Qxb6 axb6 31. Kf2 Bg4 32. Nd5 Be6 33. Nxb6 Rb8 34. Na4 Rb4 35. b3 Rxe4 36. Nc3 Rd4 37. Ke3 f5 38. a4 g5 39. a5 f4+ 40. gxf4 gxf4+ 41. Ke2 Bc8 42. Nb5 Rd5 43. c4 Ba6 44.
Nc7 Rxa5 45. b4 Ra2+ 46. Kd3 f3 47. Ne6+ Ke7 48. Ng7 f2 49. Nf5+ Kf6 50. Ne3 Ra3+ 51. Kd2 Rxe3 52. b5 f1=Q 53. Kxe3 Qxc4 54. bxa6 Qxa6 0-1

[Event "*** SCC Grand Prix: Titled Tuesday Blitz"]
[Site "Chess.com"]
[Date "2020.09.29"]
[Round "4"]
[White "Aygehovit1992"]
[Black "bazar-wokzal"]
[Result "1/2-1/2"]
[WhiteElo "2643"]
[BlackElo "2463"]
[TimeControl "180+1"]
[EndTime "10:39:13 PDT"]
[Termination "Game drawn by repetition"]

1. Nf3 c5 2. e4 d6 3. d4 cxd4 4. Nxd4 Nf6 5. Nc3 g6 6. Be2 Bg7 7. Be3 O-O 8. h4 d5 9. e5 Ne4 10. h5 Nxc3 11. bxc3 Bxe5 12. hxg6 fxg6 13. c4 Nc6 14.
Rb1 Bxd4 15. Bxd4 e5 16. Be3 d4 17. Bh6 Rf7 18. Rb5 Be6 19. Qd3 a6 20. Rb3 Qf6 21.
Qg3 Re8 22. Rh4 Bf5 23. Rf3 e4 24. Bg5 Qe6 25. Rb3 d3 26. Bd1 Nd4 27. Rc3 dxc2 28. Bxc2 Nxc2+ 29. Rxc2 e3 30. Re2 exf2+ 31. Qxf2 Qd7 32.
Rd4 Rxe2+ 33. Kxe2 Qc7 34. Rd8+ Rf8 35. Rd4 Qe5+ 36.
Kd2 Qa5+ 37. Kc1 Re8 38. Qd2 Qa3+ 39. Kd1 Qa4+ 40. Kc1 Qa3+ 41. Kd1 Qa4+ 42. Kc1 Qa3+ 1/2-1/2

[Event "*** SCC Grand Prix: Titled Tuesday Blitz"]
[Site "Chess.com"]
[Date "2020.09.29"]
[Round "4"]
[White "mapleaff"]
[Black "manuellarrea"]
[Result "1-0"]
[WhiteElo "2378"]
[BlackElo "2112"]
[TimeControl "180+1"]
[EndTime "10:39:13 PDT"]
[Termination "mapleaff won on time"]

1. d4 Nf6 2. c4 e6 3. g3 d5 4.
Bg2 Be7 5. Nf3 O-O 6. O-O dxc4 7.
Qc2 b6 8. Bg5 Ba6 9. Ne5 Nd5 10.
Bxe7 Qxe7 11. Nd2 c5 12. dxc5 Qxc5 13. Ndxc4 f6 14. e4 Nb4 15. Qb3 fxe5 16. Rfc1 N4c6 17. Ne3 Qd6 18. Rd1 Nd4 19. Qa4 Bb7 20. Nc4 Qc7 21.
Ne3 b5 22. Qb4 Nbc6 23. Qc5 Qb6 24. Qa3 Rad8 25. h4 a5 26. Bf1 Nf3+ 27. Kg2 Ncd4 28. Bd3 b4 29. Qa4 Rf6 30. Nc4 Qa7 31. Qxa5 Qxa5 32.
Nxa5 Ba8 33. Rac1 Rdf8 34. Nc4 h6 35. a3 g5 36. hxg5 Nxg5 37. axb4 Rxf2+ 38. Kh1 Nh3 39. Rf1 Rxf1+ 40. Rxf1 Rxf1+ 41. Bxf1 Ng5 42. Bg2 1-0

[Event "*** SCC Grand Prix: Titled Tuesday Blitz"]
[Site "Chess.com"]
[Date "2020.09.29"]
[Round "4"]
[White "DrMamaliga"]
[Black "TokChess"]
[Result "1-0"]
[WhiteElo "2296"]
[BlackElo "2402"]
[TimeControl "180+1"]
[EndTime "10:39:14 PDT"]
[Termination "DrMamaliga won by resignation"]

1. c4 c5 2. Nf3 e6 3. Nc3 Nf6 4. e3 a6 5. d4 cxd4 6. exd4 d6 7. Bd3 b6 8. O-O Bb7 9. Re1 Be7 10. d5 e5 11. b3 O-O 12. Bb2 Nbd7 13. Qd2 Nc5 14. Bc2 Rc8 15. Rad1 Ncd7 16. h4 Ng4 17.
Bf5 Nh6 18. Bh3 Rc7 19. Ng5 Bc8 20. Nce4 Nc5 21. Bxc8 Qxc8 22. Nxc5 bxc5 23. Qc2 Qf5 24. Qxf5 Nxf5 25. g3 a5 26. Ne4 a4 27. Bxe5 axb3 28. axb3 Rb7 29. Bf4 Rxb3 30. Kg2 Rd8 31. Kh2 Rb4 32.
Nd2 Kf8 33. h5 Bf6 34. g4 Nd4 35. Kg2 h6 36. Ne4 Be7 37. Nd2 Rdb8 38. Be3 Rb2 39. Bxd4 cxd4 40. Nf3 Rc2 41. Rxd4 Rbb2 42. Rf1 Bf6 43.
Re4 Rb4 44. Rfe1 Rb8 45. Nd4 Kg8 46. Nxc2 1-0

[Event "*** SCC Grand Prix: Titled Tuesday Blitz"]
[Site "Chess.com"]
[Date "2020.09.29"]
[Round "4"]
[White "WIDBIFS"]
[Black "kuban1991"]
[Result "1-0"]
[WhiteElo "2637"]
[BlackElo "2828"]
[TimeControl "180+1"]
[EndTime "10:39:15 PDT"]
[Termination "WIDBIFS won on time"]

1. e4 e6 2. d4 d5 3. Nc3 Bb4 4.
Ne2 dxe4 5. a3 Bxc3+ 6. Nxc3 Nc6 7. d5 exd5 8. Qxd5 Be6 9. Qxe4 Nf6 10. Qa4 O-O 11.
Bd2 a6 12. O-O-O b5 13. Qh4 Qd4 14. Bf4 Qc5 15. Bg5 Qe5 16. Bd3 h6 17. Bf4 Qc5 18. Bxh6 b4 19. Bxg7 Kxg7 20. Qxf6+ Kxf6 21. Ne4+ Ke7 22. Nxc5 bxa3 23. bxa3 a5 24. Rhe1 Rad8 25. f4 Kf6 26. f5 Bd5 27. g4 Nd4 28. Be4 Bxe4 29.
Nxe4+ Kg7 30. Nc5 Nf3 31. Rxd8 Rxd8 32. Re7 Kf6 33. Rxc7 Nxh2 34. Ne4+ Ke5 35. Ng5 Kf4 36. Nxf7 Rf8 37. Rc4+ Ke3 38. Ne5 Nf1 39. Nd3 1-0

[Event "*** SCC Grand Prix: Titled Tuesday Blitz"]
[Site "Chess.com"]
[Date "2020.09.29"]
[Round "4"]
[White "kreonx"]
[Black "WinstonSilvakov"]
[Result "1-0"]
[WhiteElo "2354"]
[BlackElo "2126"]
[TimeControl "180+1"]
[EndTime "10:39:15 PDT"]
[Termination "kreonx won by resignation"]

1. e4 Nf6 2. e5 Nd5 3. Nc3 Nxc3 4. dxc3 d5 5. f4 c5 6. Nf3 Nc6 7. Be3 e6 8. Qd2 a6 9. a4 Qc7 10. Bd3 Be7 11. O-O b6 12. Rae1 Bb7 13. f5 h6 14. fxe6 fxe6 15. Bg6+ Kd7 16. Bf2 Rad8 17. c4 Kc8 18. cxd5 Rxd5 19. Qe2 Nd4 20. Nxd4 cxd4 21. Be4 Rd7 22. Bxb7+ Qxb7 23. Qc4+ Kb8 24. Qxe6 Rhd8 25.
Bg3 Ka8 26. Rd1 d3 27. Rxd3 Rxd3 28. cxd3 Rxd3 29. Qg8+ Ka7 30. e6 Rd2 31. Bf2 Bc5 32. Qf7 Qxf7 33. exf7 Bf8 34. a5 Rxb2 35. Bxb6+ Kb7 36. Rd1 Rc2 37. Rd7+ Kb8 38. Kf1 Rc8 39.
Ke2 Bb4 40. Kd3 Bf8 41. Ke4 Bb4 42. Kf5 g5 43. Kg6 g4 44. Rd8 Rxd8 45. Bxd8 Kc8 46. Bb6 Kd7 47. Kg7 h5 48. f8=Q Bxf8+ 49. Kxf8 h4 50.
Kg7 Ke6 51. Kg6 h3 52. g3 Kd5 53. Kg5 Ke4 54. Kxg4 Kd3 55. Kxh3 Ke2 56. Kg4 Kd3 57. h4 Kc4 58. h5 Kd5 59. h6 Ke6 60. h7 Kf7 61.
h8=Q 1-0

[Event "*** SCC Grand Prix: Titled Tuesday Blitz"]
[Site "Chess.com"]
[Date "2020.09.29"]
[Round "4"]
[White "Alexander_Donchenko"]
[Black "TimofeevAr"]
[Result "1/2-1/2"]
[WhiteElo "2686"]
[BlackElo "2862"]
[TimeControl "180+1"]
[EndTime "10:39:17 PDT"]
[Termination "Game drawn by repetition"]

1. e4 d6 2. d4 Nf6 3. Nc3 g6 4. Be3 c6 5. Qd2 b5 6. Bd3 Nbd7 7. a4 b4 8. Nce2 a5 9. h3 Bb7 10. Nf3 Bg7 11. Bh6 O-O 12. O-O e5 13. Bxg7 Kxg7 14. dxe5 dxe5 15. Qe3 Qe7 16. Nc1 Nc5 17. Rd1 Rfd8 18.
Nb3 Nfd7 19. Nfd2 h5 20. Nxc5 Nxc5 21. Nb3 Nxb3 22. cxb3 c5 23. Bc4 Rd4 24. f3 Rad8 25. Rd3 Bc8 26. Rc1 Be6 27. Rxd4 cxd4 28. Qd2 d3 29.
Bxe6 Qxe6 30. Rc4 Qf6 31. Kf2 Qh4+ 32. Kf1 Qg3 33. Rc5 h4 34. Rd5 Rc8 35. Rxd3 Qh2 36. Kf2 Qh1 37. Qd1 Qxd1 38. Rxd1 Rc2+ 39. Kg1 Rxb2 40. Rd5 Kf6 41. Rxa5 Rxb3 42. Rb5 Rb1+ 43. Kf2 b3 44. a5 Ra1 45. Rxb3 Rxa5 46. Rb7 Ra2+ 47. Kf1 Ra1+ 48. Kf2 Ra2+ 49. Kf1 Ra1+ 50. Kf2 Ra2+ 1/2-1/2

[Event "*** SCC Grand Prix: Titled Tuesday Blitz"]
[Site "Chess.com"]
[Date "2020.09.29"]
[Round "4"]
[White "Roza_Idrisova"]
[Black "stepanosinovsky"]
[Result "1-0"]
[WhiteElo "2128"]
[BlackElo "2330"]
[TimeControl "180+1"]
[EndTime "10:39:18 PDT"]
[Termination "Roza_Idrisova won on time"]

1. d4 Nf6 2. Nf3 g6 3. c4 Bg7 4. Nc3 O-O 5. e4 d6 6. Be2 Nbd7 7. O-O e5 8. Re1 exd4 9. Nxd4 Re8 10. Bf1 Nc5 11. f3 a5 12. Be3 a4 13. Qd2 Nfd7 14.
Rad1 Ne5 15. Nd5 c6 16. Nc3 Qa5 17. a3 Ne6 18. Qc2 Nxd4 19. Bxd4 Be6 20. Na2 f5 21. f4 Ng4 22. Bxg7 Kxg7 23. Qc3+ Qxc3 24. Nxc3 fxe4 25. Nxe4 d5 26. Nc5 Bf5 27. cxd5 Ne3 28. Rc1 cxd5 29.
Nxb7 d4 30. Nd6 Reb8 31. Rc7+ Kf6 32. Nxf5 gxf5 33. Rxh7 Rxb2 34. Rd7 Rg8 35. g3 Nc2 36. Re2 Rgb8 37. Rd2 R8b3 38. Bd3 Ne1 39. Rxb2 Rxb2 40. Bc4 Nf3+ 41. Kf1 Nd2+ 42. Ke1 Nxc4 43. Rxd4 Rc2 44. h4 Ke6 45. h5 1-0